 Dungeon Crawl Stone Soup version 0.17-a0-1648-g0a089d4 (webtiles) character file.

39 urechis the Conjurer (level 3, -3/19 HPs)
             Began as a Gargoyle Wizard on Aug 12, 2015.
             Killed from afar by a white imp (6 damage)
             ... with a puff of frost
             ... summoned by Natasha
             ... on level 2 of the Dungeon.
             The game lasted 00:02:15 (1624 turns).

urechis the Conjurer (Gargoyle Wizard)              Turns: 1624, Time: 00:02:15

Health: -3/19      AC:  5    Str: 10    XL:     3   Next: 47%
Magic:  5/7        EV: 11    Int: 19    God:
Gold:   40         SH:  0    Dex:  8    Spells: 1 memorised, 7 levels left

rFire  . . .     SeeInvis .     i - +1 hand axe (freeze)
rCold  . . .     Clarity  .     a - +0 robe
rNeg   + . .     SustAt   .     (no shield)
rPois  ∞         Gourm    .     b - +0 hat
rElec  +         Spirit   .     (no cloak)
rCorr  .         Warding  .     (no gloves)
rMut   .         Stasis   .     (no boots)
MR     .....                    (no amulet)
Stlth  ++........               (no ring)
                                (no ring)

@: not resistant to hostile enchantments, unstealthy
A: negative energy resistance 1, electricity resistance, unbreathing,
petrification resistance, rot immunity, AC +3
a: no special abilities


You were on level 2 of the Dungeon.
You were very hungry.

You visited 1 branch of the dungeon, and saw 2 of its levels.

You collected 40 gold pieces.

Inventory:

Hand weapons
 i - a +1 hand axe of freezing (weapon)
Armour
 a - a +0 robe (worn)
 b - a +0 hat (worn)
Jewellery
 l - an uncursed ring of fire {unknown}
Scrolls
 e - 2 scrolls of magic mapping {unknown}
 h - a scroll of teleportation {unknown}
 j - a scroll of amnesia {unknown}
 k - a scroll of blinking {unknown}
Potions
 f - a potion of brilliance {unknown}
 g - a potion of degeneration {unknown}
 m - a potion of might {unknown}
 n - 2 potions of curing {unknown}
Books
 c - a book of Minor Magic

   Spells                             Type                      Level
   a - Magic Dart                     Conjuration                  1
   b - Blink                          Translocation                2
   c - Call Imp                       Summoning                    2
   d - Repel Missiles                 Charms/Air                   2
   e - Slow                           Hexes                        2
   f - Conjure Flame                  Conjuration/Fire             3
   g - Mephitic Cloud                 Conjuration/Poison/Air       3
Comestibles
 d - 2 bread rations


   Skills:
 - Level 1.5 Dodging
 - Level 2.1 Stealth
 - Level 3.0 Spellcasting
 + Level 3.5 Conjurations
   Level 0.8 Summonings
   Level 0.8 Translocations


You had 7 spell levels left.
You knew the following spells:

 Your Spells              Type           Power        Failure   Level  Hunger
a - Magic Dart            Conj           ###.         4%          1    None


Dungeon Overview and Level Annotations

Branches:
Dungeon (2/15)

Altars:

Annotations:
D:2 Natasha


Innate Abilities, Weirdness & Mutations

You are resistant to torment.
Your stone body is resilient (AC +3).
You are immune to poison.
You resist negative energy.
You are resistant to electric shocks.
You can survive without breathing.
You are immune to petrification.
You are immune to rotting.


Message History

Confirm with . or Enter, or press ? or * to list all spells.
Aiming: Magic Dart
Press: ? - help, Shift-Dir - straight line, f/p - Natasha
Aim: Natasha (severely wounded)
The magic dart hits the hobgoblin.
The hobgoblin closely misses you.
You hit the hobgoblin but do no damage. The hobgoblin completely misses you.
You completely miss the hobgoblin. The hobgoblin hits you with a club.
Natasha extends her claws.
You slash the hobgoblin! You freeze the hobgoblin.
You kill the hobgoblin!
Natasha casts a spell next to you.
A cloud of flames roars to life!
You barely miss the white imp. The white imp misses you.
The white imp gestures at you. The puff of frost hits you!
* * * LOW HITPOINT WARNING * * *
You closely miss the white imp. The white imp gestures at you.
The puff of frost hits you!
You die...

... ... #.# #.#
#.# #.# #§# #@#
##.#.#5########
#......h......[#
#.#............#
#............#
#.............#
#............[..
#.#.#.#####...P.
#.#.#.# P....


You could see Natasha and a white imp.

Vanquished Creatures
  2 adders
  A worm (D:2)
  A ball python (D:1)
  A bat (D:1)
  A giant cockroach (D:2)
  2 hobgoblins
  2 giant newts (D:1)
  4 goblins
  4 kobolds (D:1)
  A rat (D:1)
19 creatures vanquished.

Notes
Turn   | Place    | Note
--------------------------------------------------------------
     0 | D:1      | urechis the Gargoyle Wizard began the quest for the Orb.
     0 | D:1      | Reached XP level 1. HP: 10/10 MP: 4/4
   253 | D:1      | Reached XP level 2. HP: 15/15 MP: 3/6
  1266 | D:2      | Reached XP level 3. HP: 16/19 MP: 2/7
  1612 | D:2      | Noticed Natasha
  1624 | D:2      | Killed from afar by a white imp

Vault maps used:
D:1:      wheals_arrival_linesprint
D:2:      kiku_gazebo_garden_becter, uniq_iyjb, uniq_terence, uniq_natasha

Action                   || total
-------------------------++-------
Melee: Unarmed           ||     3
       Hand axe          ||    28
       Short sword       ||     6
 Cast: Magic Dart        ||    39
 Stab: Distracted        ||     1
       Sleeping          ||     1
  Eat: Chunk             ||     1
